AoeStats
← InTrUsIoN

Black Forest

509806270Analyzed
4v4 RM · 4d ago on Sep 28, 2026· 55m 40s· 8 players
Game mode
Random Map
Map size
Large (8 player)
Population
200
Speed
Normal
Resources
Standard
Victory
Conquest
Starting age
Dark Age
Ending age
Imperial Age
RankedLock teamsTeams togetherTeam positionsShared explorationLock speedFull tech treeHidden civsTurbo modeCheats
Victory
Defeat
🇦🇷 Portuguese · Argentina
779
+11
🇻🇪 Teutons · Venezuela
766
+12
🇦🇷 Maya · Argentina
729
+13
🇧🇷 Bohemians · Brazil
674
+15
🇨🇱 Saxons · Chile
805
-17
🇯🇵 Bohemians · Japan
759
-17
🇺🇸 Poles · United States
575
-9
🇺🇸 Chinese · United States
520
-8
LookVil
0:29 Loom
13:06 Feudal Age
15:09 Double-Bit Axe
16:49 Wheelbarrow
20:11 Castle Age
21:25 Bow Saw
22:41 Fervor
24:15 Horse Collar
28:01 Caravan
31:05 Fortified Wall
31:56 Chemistry
30:53 Murder Holes
31:09 Masonry
34:29 Forging
34:20 Scale Mail Armor
36:03 Iron Casting
35:50 Heavy Plow
35:40 Town Watch
38:40 Imperial Age
38:49 Imperial Age
37:19 Pikeman
38:00 Squires
38:37 Chain Mail Armor
39:27 Sanctity
39:27 Redemption
40:46 Hand Cart
40:32 Town Patrol
39:58 Elite Hussite Wagon
40:59 Conscription
40:46 Hussite Reforms
41:53 Houfnice
48:46 Halberdier
52:15 Plate Mail Armor
51:50 Scale Barding Armor
52:49 Blast Furnace
52:52 Ballistics
JabberWocky
0:38 Loom
13:55 Feudal Age
14:24 Double-Bit Axe
14:21 Horse Collar
17:02 Wheelbarrow
20:03 Castle Age
20:59 Bow Saw
20:53 Heavy Plow
27:11 Stone Mining
27:49 Gold Mining
29:01 Hand Cart
29:25 Town Watch
30:39 Stone Shaft Mining
31:24 Ballistics
31:18 Fortified Wall
34:44 Imperial Age
32:55 Bloodlines
33:17 Forging
33:12 Scale Barding Armor
33:08 Scale Mail Armor
34:50 Iron Casting
34:36 Chain Barding Armor
34:32 Chain Mail Armor
36:26 Two-Man Saw
35:58 Crop Rotation
35:31 Town Patrol
36:33 Blast Furnace
36:09 Plate Barding Armor
35:51 Caravan
36:51 Plate Mail Armor
35:56 Cavalier
37:01 Paladin
39:20 Conscription
42:28 Elite Teutonic Knight
47:22 Ironclad
53:19 Hoardings
52:17 Sappers
52:41 Fletching
52:51 Padded Archer Armor
53:55 Chemistry
52:45 Guard Tower
53:01 Siege Engineers
53:07 Masonry
52:43 Arrowslits
Junran
1:06 Loom
14:49 Feudal Age
17:29 Double-Bit Axe
20:38 Castle Age
19:16 Horse Collar
21:42 Stone Mining
23:18 Bow Saw
24:11 Wheelbarrow
24:27 Gold Mining
27:14 Heavy Plow
28:27 Caravan
30:00 Ballistics
30:16 Fletching
31:45 Bodkin Arrow
32:40 Padded Archer Armor
36:46 Imperial Age
35:10 Hand Cart
35:16 Leather Archer Armor
36:54 Forging
36:45 Scale Mail Armor
36:29 Pikeman
36:32 Eagle Warrior
37:17 Hul'che Javelineers
37:58 Elite Skirmisher
38:46 Thumb Ring
38:56 Bracer
39:45 Elite Plumed Archer
40:51 Conscription
43:04 Halberdier
44:04 Chain Mail Armor
44:11 Town Watch
45:09 Iron Casting
44:41 Squires
44:03 Elite Eagle Warrior
50:01 Chemistry
Argonía
12:53 Feudal Age
14:00 Horse Collar
14:10 Double-Bit Axe
16:15 Town Watch
17:07 Wheelbarrow
23:57 Castle Age
23:20 Bloodlines
23:23 Forging
23:18 Scale Barding Armor
23:35 Stone Mining
23:38 Gold Mining
25:28 Heavy Plow
25:43 Bow Saw
26:20 Hand Cart
33:07 Imperial Age
30:53 Murder Holes
32:09 Stone Shaft Mining
32:27 Ballistics
33:43 Fortified Wall
33:47 Masonry
33:20 Treadmill Crane
34:11 Caravan
36:18 Chemistry
35:30 Siege Engineers
36:11 Fletching
36:22 Padded Archer Armor
36:54 Conscription
37:46 Husbandry
37:09 Light Cavalry
38:26 Bodkin Arrow
38:47 Leather Archer Armor
39:42 Two-Man Saw
39:13 Crop Rotation
40:26 Bracer
40:57 Ring Archer Armor
42:00 Arquebus
42:04 Elite Organ Gun
45:35 Town Patrol
46:14 Iron Casting
46:00 Chain Barding Armor
46:13 Architecture
InTrUsIoN
0:29 Loom
12:07 Feudal Age
12:53 Horse Collar
13:09 Stone Mining
15:39 Wheelbarrow
16:21 Double-Bit Axe
21:22 Gold Mining
24:43 Castle Age
26:14 Thumb Ring
26:32 Hand Cart
27:24 Caravan
31:25 Heavy Plow
35:38 Imperial Age
33:45 Fletching
33:57 Padded Archer Armor
35:36 Bow Saw
37:02 Town Watch
38:43 Chemistry
38:20 Ballistics
39:59 Bodkin Arrow
40:20 Leather Archer Armor
39:31 Crossbowman
40:46 Conscription
42:49 Two-Man Saw
41:38 Arbalester
42:41 Bracer
43:12 Ring Archer Armor
42:53 Forging
42:44 Scale Mail Armor
42:17 Elite Fire Lancer
43:00 Squires
42:47 Arson
42:25 Pikeman
42:32 Heavy Rocket Cart
42:51 Elite Chu Ko Nu
45:53 Murder Holes
46:48 Gold Shaft Mining
49:43 Elite Skirmisher
K1NGlogman
10:28 Feudal Age
12:17 Horse Collar
13:52 Double-Bit Axe
19:22 Castle Age
24:00 Bow Saw
25:20 Wheelbarrow
26:38 Heavy Plow
31:40 Hand Cart
35:44 Imperial Age
33:17 Light Cavalry
33:59 Husbandry
34:18 Bloodlines
34:26 Scale Barding Armor
34:32 Forging
34:33 Guard Tower
35:07 Stone Mining
35:27 Gold Mining
35:44 Caravan
36:16 Winged Hussar
39:47 Chemistry
39:31 Keep
38:48 Arrowslits
39:33 Ballistics
39:50 Chain Barding Armor
40:05 Iron Casting
39:34 Scale Mail Armor
41:45 Cavalier
43:31 Blast Furnace
42:47 Chain Mail Armor
Carrizuwu
1:43 Loom
12:29 Feudal Age
17:43 Double-Bit Axe
18:51 Forging
18:37 Fletching
18:48 Padded Archer Armor
20:55 Castle Age
21:31 Wheelbarrow
21:51 Bow Saw
26:43 Sanctity
30:20 Hand Cart
29:51 Town Watch
30:56 Pikeman
32:47 Squires
33:09 Thumb Ring
32:26 Crossbowman
32:27 Elite Skirmisher
32:59 Gambesons
32:36 Man-at-Arms
36:01 Imperial Age
36:16 Caravan
37:24 Town Patrol
38:40 Iron Casting
38:05 Scale Mail Armor
38:01 Bodkin Arrow
38:21 Leather Archer Armor
38:52 Onager
40:24 Arbalester
44:02 Halberdier
48:02 Chemistry
47:24 Ballistics
50:45 Bracer
51:16 Ring Archer Armor
51:18 Elite Hearth Troop
52:18 Block Printing
52:32 Illumination
52:42 Theocracy
RuinMireia
0:29 Loom
14:56 Feudal Age
16:23 Wheelbarrow
18:52 Castle Age
16:40 Double-Bit Axe
18:08 Horse Collar
20:00 Bow Saw
20:12 Hand Cart
31:37 Imperial Age
30:17 Chemistry
31:56 Fortified Wall
32:07 Ballistics
32:06 Wagenburg Tactics
31:27 Pikeman
32:08 Squires
32:10 Scale Mail Armor
32:20 Forging
32:59 Hussite Reforms
33:19 Conscription
33:10 Siege Engineers
33:16 Caravan
33:50 Houfnice
34:59 Chain Mail Armor
34:48 Halberdier
36:19 Masonry
36:09 Murder Holes
37:31 Plate Mail Armor
37:36 Iron Casting
36:55 Capped Ram
38:42 Architecture
38:06 Fletching
38:16 Padded Archer Armor
39:28 Onager
44:34 Two-Man Saw
46:48 Blast Furnace
45:44 Bodkin Arrow
46:05 Leather Archer Armor
45:39 Elite Hussite Wagon
Connection lost

Rejoining the realm…

Still unreachable

The connection could not be restored.

Session expired

The server has moved on; the page needs a fresh start.